 Dungeon Crawl Stone Soup version 0.28.0-45-g0d030f2227 (webtiles) character file.

Game seed: 16700785978124325034

25147 101zpm the Thaumaturge (level 13, -5/98 HPs)
             Began as a Gnoll Air Elementalist on Apr 22, 2022.
             Was a Priest of Makhleb.
             Shot with a bolt by an orc warrior (7 damage)
             ... on level 2 of the Orcish Mines.
             The game lasted 02:11:38 (32845 turns).

101zpm the Thaumaturge (Gnoll Air Elementalist)    Turns: 32845, Time: 02:11:39

Health: -5/98      AC:  8    Str:  7    XL:     13   Next: 17%
Magic:  3/26       EV: 20    Int: 20    God:    Makhleb [***...]
Gold:   1078       SH:  0    Dex: 13    Spells: 3/31 levels left

rFire   . . .      SeeInvis +   F - +4 battleaxe
rCold   . . .      Faith    .   (shield currently unavailable)
rNeg    . . .      Spirit   .   S - +1 robe {Will+}
rPois   .          Reflect  .   (no helmet)
rElec   .          Harm     .   z - +0 cloak
rCorr   .          Rampage  .   h - +2 pair of gloves
Will    +....                   (no boots)
Stlth   ++++......              J - amulet of regeneration
HPRegen 1.06/turn               f - ring of see invisible
MPRegen 0.20/turn               m - +4 ring of evasion

@: no status effects
A: fangs 1, strong nose, distributed training
a: Renounce Religion, Minor Destruction, Lesser Servant of Makhleb


You were on level 2 of the Orcish Mines.
You worshipped Makhleb.
Makhleb was most pleased with you.
You visited 4 branches of the dungeon, and saw 19 of its levels.

You collected 1078 gold pieces.

Inventory:

Hand Weapons
 t - a +2 vorpal hand axe
 v - a +2 flail of venom
 y - a +4 short sword
 F - a +4 battleaxe (weapon)
Armour
 h - a +2 pair of gloves (worn)
 z - a +0 cloak (worn)
 S - a +1 robe of willpower (worn)
Magical Staves
 l - a staff of earth
 H - a staff of poison
Jewellery
 b - a ring of fire
 f - a ring of see invisible (left hand)
 m - a +4 ring of evasion (right hand)
 u - a ring of resist corrosion
 D - a ring of protection from cold
 I - an amulet of reflection
 J - an amulet of regeneration (around neck)
 P - a +4 ring of evasion
Wands
 c - a wand of digging (5)
 o - a wand of iceblast (10)
 C - a wand of paralysis (11)
 K - a wand of flame (11)
Scrolls
 e - 2 scrolls of blinking
 g - 5 scrolls of enchant armour
 j - 3 scrolls of magic mapping
 q - 2 scrolls of vulnerability
 x - 3 scrolls of fog
 A - 4 scrolls of teleportation
 E - a scroll of holy word {unknown}
 G - 2 scrolls of enchant weapon
 L - a scroll of identify
 M - a scroll of torment {unknown}
 Q - a scroll of noise {unknown}
Potions
 a - a potion of attraction {unknown}
 d - 3 potions of heal wounds
 i - 2 potions of lignification {unknown}
 k - 5 potions of curing
 n - 2 potions of ambrosia {unknown}
 p - 4 potions of degeneration {unknown}
 r - 2 potions of resistance {unknown}
 s - a potion of might {unknown}
 w - 2 potions of haste {unknown}
 B - a potion of flight {unknown}
 N - a potion of berserk rage {unknown}
 O - a potion of mutation {unknown}
 R - 2 potions of brilliance


   Skills:
 + Level 8.0 Fighting
 + Level 8.0 Short Blades
 + Level 8.0 Long Blades
 + Level 8.0 Axes
 + Level 8.0 Maces & Flails
 + Level 8.0 Polearms
 + Level 8.0 Staves
 + Level 8.0 Slings
 + Level 8.0 Bows
 + Level 8.0 Crossbows
 + Level 8.0 Throwing
 + Level 8.0 Armour
 + Level 9.3 Dodging
 + Level 9.1 Stealth
 + Level 8.0 Shields
 + Level 8.0 Unarmed Combat
 + Level 9.5 Spellcasting
 + Level 7.1 Conjurations
 + Level 6.7 Hexes
 + Level 6.7 Summonings
 + Level 6.7 Necromancy
 + Level 6.7 Translocations
 + Level 6.7 Transmutations
 + Level 6.7 Fire Magic
 + Level 6.7 Ice Magic
 + Level 8.7 Air Magic
 + Level 6.7 Earth Magic
 + Level 6.7 Poison Magic
 + Level 8.8 Invocations
 + Level 8.0 Evocations


You had 3 spell levels left.
You knew the following spells:

 Your Spells              Type           Power      Damage    Failure   Level
a - Shock                 Conj/Air       100%       1d9       1%          1
b - Static Discharge      Conj/Air       41%        N/A       1%          2
c - Swiftness             Air            44%        N/A       1%          3
d - Airstrike             Air            22%        N/A       1%          4
e - Summon Guardian Gole  Hex/Summ       36%        N/A       1%          3
f - Stone Arrow           Conj/Erth      74%        3d11      1%          3
g - Summon Lightning Spi  Summ/Air       40%        N/A       3%          4
h - Tukima's Dance        Hex            36%        N/A       1%          3
i - Lightning Bolt        Conj/Air       20%        1d35      8%          5

Your spell library contained the following spells:

 Spells                   Type           Power      Damage    Failure   Level
 Animate Skeleton         Necr           72%        N/A       1%          1
 Pain                     Necr           100%       1d9       1%          1
 Sandblast                Erth           72%        2d16      1%          1
 Ensorcelled Hibernation  Hex/Ice        72%        N/A       1%          2
 Passwall                 Tmut/Erth      30%        N/A       1%          2
 Ignite Poison            Fire/Tmut/Pois 36%        N/A       1%          3
 Vampiric Draining        Necr           36%        2d8       1%          3
 Anguish                  Hex/Necr       18%        N/A       4%          4
 Cause Fear               Hex            18%        N/A       4%          4
 Conjure Ball Lightning   Conj/Air       20%        3x3d6     38%         6
 Orb of Destruction       Conj           19%        9d8       97%         7
 Enfeeble                 Hex            18%        N/A       98%         7
 Spellforged Servitor     Conj/Summ      18%        N/A       98%         7
 Discord                  Hex            18%        N/A       100%        8
 Infestation              Necr           18%        N/A       100%        8


Dungeon Overview and Level Annotations

Branches:
Dungeon (14/15)            Temple (1/1) D:6            Lair (2/6) D:10
    Orc (2/2) D:9             Elf (0/3) Orc:2
  Swamp: Lair:2-4    Shoals: Lair:2-4     Snake: Lair:2-4    Spider: Lair:2-4
 Vaults: D:13-14

Altars:
Ashenzari
Cheibriados
Dithmenos
Elyvilon
Fedhas
Gozag
Hepliaklqana
Kikubaaqudgha
Makhleb
Nemelex Xobeh
Okawaru
Qazlal
Ru
Sif Muna
Trog
Uskayaw
Vehumet
Wu Jian
Xom
Yredelemnul
Zin
The Shining One

Shops:
D:4 (*([:   D:10 [?[   D:13 !

Annotations:
D:10 exclusion: orange crystal statue
D:13 Kirke


Innate Abilities, Weirdness & Mutations

You have very sharp teeth.
Your uncanny sense of smell can sniff out nearby items.
Your experience applies equally to all skills.


Message History

The orc warrior shouts! x3
The orc warrior unwields a +0 great mace.
The orc warrior wields a +0 arbalest.
The orc warrior shoots a bolt.
The bolt misses you.
The orc warrior unwields a +0 great mace.
The orc warrior wields a +0 arbalest.
The orc warrior shoots a bolt.
The bolt barely misses you.
The centaur shoots an arrow.
The arrow completely misses you.
The orc warrior shoots a bolt.
The bolt closely misses you.
The bolt hits the orc warrior.
The centaur shoots an arrow.
The arrow hits you!
* * * LOW HITPOINT WARNING * * *
An orc warrior comes into view. It is wielding a +0 great mace.
The orc warrior hits you but does no damage.
The orc priest looks encouraged for a moment.
The orc warrior shoots a bolt.
The bolt hits you!
* * * LOW HITPOINT WARNING * * *
The orc warrior shoots a bolt.
The bolt misses you.
The orc warrior shouts!
You feel much better.
The orc warrior shouts!
You hear a shout!
The centaur shoots an arrow.
The arrow completely misses you.
The orc warrior shoots a bolt.
The bolt misses you. The orc warrior barely misses you.
The orc warrior shoots a bolt.
The bolt hits you but does no damage.
The orc warrior unwields a +0 war axe.
The orc warrior wields a +0 arbalest.
The orc warrior shoots a bolt.
The bolt misses you.
The orc shoots a bolt.
The bolt closely misses you.
The orc warrior unwields a +0 great mace.
The orc warrior wields a +0 arbalest.
The orc warrior shoots a bolt.
The bolt barely misses you.
The orc warrior shoots a bolt.
The bolt hits you!
* * * LOW HITPOINT WARNING * * *
The centaur shoots an arrow.
The arrow misses you.
An orc warrior comes into view. It is wielding a +0 battleaxe.
The orc warrior shoots a bolt.
The bolt closely misses you.
The orc warrior shoots a bolt.
The bolt hits you!
* * * LOW HITPOINT WARNING * * *
The orc warrior shoots a bolt.
The bolt closely misses you.
The orc warrior unwields a +0 broad axe.
The orc warrior wields a +0 arbalest.
The orc warrior shoots a bolt.
The bolt hits you!
You die...

..9o......# ###......#.##
...o.....#. ##...o.......#
..oo....... #....###....####
.........# ### ##..###.#.#.##..
..o§....## ##..###..........[....
.....#.## #......o......<...)...
...<..## ##...o..#.........#...
.....## ####...##...........[.
.##o#### ##.#..@##........#....#
##.#c..## #.....o.#............<.
........# #........#..#....#.....
.......####....#.oo..###....#....
.....§.##o.#.........o...........
.....o...c..##...o...............
.....#...o..##........##..##..##.
..#.##..c#.####......##..........
..o####..#.#.##......#..........≈


You could see 8 orc warriors, a centaur, an orc priest and an orc.

Vanquished Creatures
  2 two-headed ogres (D:12)
  A tengu warrior (D:13)
  A wizard (D:11)
  A necromancer (D:9)
  A deep elf pyromancer (D:11)
  A deep elf zephyrmancer (D:11)
  2 manticores (D:12)
  A cyclops (D:10)
  Joseph (D:9)
  A gargoyle (D:12)
  A cane toad (Lair:1)
  2 unseen horrors (D:11)
  2 komodo dragons
  A rime drake (shapeshifter) (D:13)
  A kobold demonologist (D:11)
  A meliai (D:13)
  2 trolls
  5 slime creatures
  A meliai zombie (D:11)
  Sigmund (D:4)
  A vampire (D:11)
  20 yaks
  A wyvern (D:4)
  2 hogs (D:13)
  A basilisk (D:13)
  A steam dragon (D:10)
  A vampire mosquito (D:13)
  2 wargs (D:10)
  3 acid dragons
  3 water moccasins
  11 orc warriors
  An ice beast (D:6)
  2 necrophages (D:4)
  3 ogres (D:6)
  7 wolves (Lair:1)
  4 centaurs
  3 bullfrogs
  10 kobold brigands (D:11)
  2 wyvern zombies
  A gnoll sergeant (D:8)
  A scorpion (D:7)
  8 killer bees (D:9)
  10 wights
  A howler monkey (D:10)
  3 centaur zombies
  2 gnoll shamans
  3 hounds
  4 orc priests
  A bullfrog skeleton (D:6)
  Jessica (D:2)
  2 iguanas
  11 orc wizards
  2 polar bear simulacra (D:9)
  2 hell rats (Lair:1)
  3 yak simulacra (D:9)
  4 wolf simulacra (D:9)
  A killer bee zombie (D:7)
  A hound skeleton (D:3)
  2 howler monkey zombies (D:9)
  19 gnolls
  10 adders
  5 river rats (Lair:1)
  A shadow imp (D:6)
  A white imp (D:5)
  An adder skeleton (D:4)
  3 worms
  A dart slug (D:2)
  38 orcs
  3 bats
  8 endoplasms
  3 giant cockroaches
  6 goblins
  7 hobgoblins
  7 jackals
  A quokka (D:4)
  8 ball pythons
  5 frilled lizards
  15 kobolds
  5 rats
  2 river rat simulacra (D:9)
319 creatures vanquished.

Vanquished Creatures (collateral kills)
  A boulder beetle (D:13)
  A deep elf zephyrmancer (D:11)
  An ugly thing (D:13)
  A cane toad (Lair:1)
  A komodo dragon (D:12)
  A tengu conjurer (D:13)
  3 slime creatures
  2 yaks
  2 vampire mosquitoes (D:12)
  2 wargs
  7 orc warriors
  2 centaurs
  5 kobold brigands (D:11)
  An orc priest (Orc:1)
  3 orc wizards
  A river rat (Lair:1)
  8 orcs (Orc:2)
  A kobold (D:11)
43 creatures vanquished.

Vanquished Creatures (others)
  2 slime creatures
  A vampire mosquito (D:12)
  3 fungi
  4 plants
10 creatures vanquished.

Grand Total: 372 creatures vanquished

Notes
Turn   | Place    | Note
-------+----------+-------------------------------------------
     0 | D:1      | 101zpm the Gnoll Air Elementalist began the quest for the
                  | Orb.
     0 | D:1      | Reached XP level 1. HP: 13/13 MP: 6/6
   275 | D:1      | You fall into a shaft and drop 1 floor!
   279 | D:2      | Reached XP level 2. HP: 19/19 MP: 3/7
  1137 | D:2      | Reached XP level 3. HP: 24/25 MP: 2/9
  1156 | D:2      | Reached skill level 5 in Spellcasting
  1441 | D:2      | Noticed Jessica
  1444 | D:2      | Killed Jessica
  1445 | D:2      | Reached skill level 1 in Fighting
  1445 | D:2      | Reached skill level 1 in Short Blades
  1445 | D:2      | Reached skill level 1 in Long Blades
  1445 | D:2      | Reached skill level 1 in Axes
  1445 | D:2      | Reached skill level 1 in Maces & Flails
  1445 | D:2      | Reached skill level 1 in Polearms
  1445 | D:2      | Reached skill level 1 in Staves
  1445 | D:2      | Reached skill level 1 in Slings
  1445 | D:2      | Reached skill level 1 in Bows
  1445 | D:2      | Reached skill level 1 in Crossbows
  1445 | D:2      | Reached skill level 1 in Throwing
  1445 | D:2      | Reached skill level 1 in Armour
  1445 | D:2      | Reached skill level 1 in Shields
  1445 | D:2      | Reached skill level 1 in Unarmed Combat
  1445 | D:2      | Reached skill level 1 in Invocations
  1445 | D:2      | Reached skill level 1 in Evocations
  1445 | D:2      | Reached XP level 4. HP: 32/32 MP: 7/11
  1857 | D:2      | Reached skill level 1 in Hexes
  1857 | D:2      | Reached skill level 1 in Summonings
  1857 | D:2      | Reached skill level 1 in Necromancy
  1857 | D:2      | Reached skill level 1 in Translocations
  1857 | D:2      | Reached skill level 1 in Transmutations
  1857 | D:2      | Reached skill level 1 in Fire Magic
  1857 | D:2      | Reached skill level 1 in Ice Magic
  1857 | D:2      | Reached skill level 1 in Earth Magic
  1857 | D:2      | Reached skill level 1 in Poison Magic
  2278 | D:3      | Found a faded altar of an unknown god.
  2474 | D:2      | Learned a level 2 spell: Static Discharge
  2478 | D:2      | Learned a level 3 spell: Swiftness
  2483 | D:2      | Learned a level 4 spell: Airstrike
  2486 | D:3      | Reached XP level 5. HP: 36/37 MP: 7/12
  2544 | D:3      | Got the Incunabulum of Black Secrets and Malediction
  3416 | D:4      | Reached XP level 6. HP: 44/44 MP: 9/13
  3510 | D:4      | Noticed Sigmund
  3513 | D:4      | Killed Sigmund
  3514 | D:4      | Reached skill level 5 in Dodging
  3610 | D:4      | Found Jeck's Book Emporium.
  3883 | D:4      | Learned a level 3 spell: Summon Guardian Golem
  4039 | D:4      | Noticed a necrophage
  4043 | D:4      | Killed a necrophage
  4044 | D:4      | Reached XP level 7. HP: 50/50 MP: 1/15
  4472 | D:4      | Found Suarampo's General Store.
  4519 | D:4      | Noticed a wyvern
  4522 | D:4      | Killed a wyvern
  4659 | D:4      | Reached skill level 5 in Stealth
  4839 | D:4      | Found Edurhum's Weapon Shoppe.
  4904 | D:4      | Found Ediumolu's Weapon Emporium.
  5003 | D:4      | Found Ymural's Armour Shop.
  5607 | D:5      | Entered Level 5 of the Dungeon
  5903 | D:5      | Noticed a troll
  6102 | D:5      | Reached XP level 8. HP: 57/57 MP: 8/16
  7107 | D:5      | Learned a level 3 spell: Stone Arrow
  8014 | D:6      | Found an ornate altar of the Wu Jian Council.
  8534 | D:6      | Found a hide-covered altar of Uskayaw.
  8535 | D:6      | Found a radiant altar of Vehumet.
  8539 | D:6      | Found a stormy altar of Qazlal.
  8607 | D:6      | Found a staircase to the Ecumenical Temple.
  8632 | D:6      | Reached XP level 9. HP: 65/65 MP: 8/18
  9040 | D:8      | Found a glowing silver altar of Zin.
  9487 | D:7      | Noticed a komodo dragon
  9492 | D:7      | Killed a komodo dragon
  9846 | D:7      | Found a basalt altar of Yredelemnul.
 10596 | D:7      | Found a white marble altar of Elyvilon.
 12503 | Temple   | Entered the Ecumenical Temple
 12734 | Temple   | Became a worshipper of Makhleb the Destroyer
 13138 | D:9      | Noticed Joseph
 13325 | D:9      | Killed Joseph
 13326 | D:9      | Reached skill level 5 in Invocations
 13635 | D:9      | Reached XP level 10. HP: 52/73 MP: 7/20
 13664 | D:9      | Reached skill level 5 in Fighting
 13664 | D:9      | Reached skill level 5 in Short Blades
 13664 | D:9      | Reached skill level 5 in Long Blades
 13664 | D:9      | Reached skill level 5 in Axes
 13664 | D:9      | Reached skill level 5 in Maces & Flails
 13664 | D:9      | Reached skill level 5 in Polearms
 13664 | D:9      | Reached skill level 5 in Staves
 13664 | D:9      | Reached skill level 5 in Slings
 13664 | D:9      | Reached skill level 5 in Bows
 13664 | D:9      | Reached skill level 5 in Crossbows
 13664 | D:9      | Reached skill level 5 in Throwing
 13664 | D:9      | Reached skill level 5 in Armour
 13664 | D:9      | Reached skill level 5 in Shields
 13664 | D:9      | Reached skill level 5 in Unarmed Combat
 13664 | D:9      | Reached skill level 5 in Evocations
 14066 | D:9      | Noticed a necromancer
 15000 | D:9      | Found a staircase to the Orcish Mines.
 15287 | D:9      | Killed a necromancer
 15407 | D:9      | Reached * piety under Makhleb
 15410 | D:9      | Reached skill level 5 in Conjurations
 15808 | Orc:1    | Entered Level 1 of the Orcish Mines
 15815 | Orc:1    | Learned a level 4 spell: Summon Lightning Spire
 16256 | Orc:1    | Noticed an orc warlord
 16451 | D:10     | Entered Level 10 of the Dungeon
 16908 | D:10     | Noticed a cyclops
 17069 | D:11     | Noticed a kobold demonologist
 17081 | D:11     | Killed a kobold demonologist
 17550 | D:10     | Reached XP level 11. HP: 79/81 MP: 2/22
 17665 | D:10     | Found Itaoxe's Antique Armour Shop.
 17677 | D:10     | Killed a cyclops
 17948 | D:10     | Found Otuufite's Magic Scroll Boutique.
 18151 | D:10     | Reached skill level 5 in Hexes
 18151 | D:10     | Reached skill level 5 in Summonings
 18151 | D:10     | Reached skill level 5 in Necromancy
 18151 | D:10     | Reached skill level 5 in Translocations
 18151 | D:10     | Reached skill level 5 in Transmutations
 18151 | D:10     | Reached skill level 5 in Fire Magic
 18151 | D:10     | Reached skill level 5 in Ice Magic
 18151 | D:10     | Reached skill level 5 in Earth Magic
 18151 | D:10     | Reached skill level 5 in Poison Magic
 18285 | D:10     | Found a staircase to the Lair.
 18372 | D:10     | Learned a level 3 spell: Tukima's Dance
 18523 | D:10     | Found Josoykae's Antique Armour Emporium.
 18579 | D:10     | Noticed an orange crystal statue
 18645 | D:10     | Noticed a two-headed ogre
 19143 | Lair:1   | Entered Level 1 of the Lair of Beasts
 19492 | Lair:1   | Noticed a five-headed hydra
 19638 | Lair:1   | Reached ** piety under Makhleb
 20205 | Lair:1   | Noticed a six-headed hydra
 22785 | D:11     | Reached XP level 12. HP: 89/89 MP: 4/24
 23367 | D:11     | Reached *** piety under Makhleb
 24340 | D:11     | Got the Volume of Axaxaxas mlö
 24367 | D:11     | Got Sif Muna's Almanac of Combed Thunderclap
 24374 | D:11     | Got Uffa's Grimoire of Sand
 24381 | D:11     | Learned a level 5 spell: Lightning Bolt
 26798 | D:12     | Noticed a two-headed ogre
 26803 | D:12     | Killed a two-headed ogre
 28310 | D:13     | Noticed a tengu warrior
 28345 | D:13     | Killed a tengu warrior
 28530 | D:13     | Found Ugyg's Distillery.
 29095 | D:13     | Noticed Kirke
 29317 | D:14     | Noticed a boulder beetle
 29661 | D:13     | Killed a boulder beetle
 29809 | D:13     | Reached XP level 13. HP: 98/98 MP: 13/26
 30670 | D:14     | Noticed a vampire knight
 30672 | D:14     | Noticed a vampire knight
 32175 | Orc:2    | Entered Level 2 of the Orcish Mines
 32358 | Orc:2    | Found a staircase to the Elven Halls.
 32845 | Orc:2    | HP: 2/98 [orc warrior/bolt (17)]
 32845 | Orc:2    | Shot with a bolt by an orc warrior

Illustrated notes

Levels and vault maps discovered:
D:1:      dpeg_arrival_radiant, layout_loops_cross, kennysheep_nondescript,
          minmay_misc_feat_hallway
D:2:      layout_basic, uniq_jessica
D:3:      layout_basic, dreamdust_ecumenical_altar_grove
D:4:      layout_layer_cave, serial_shops,
          nicolae_shop_temple_entry_statues_fountains,
          nicolae_shop_behind_doors, kennysheep_little_box,
          nicolae_shop_waterfront, shop, minmay_pentangle, uniq_sigmund
D:5:      layout_basic
D:6:      layout_loops_ring, nzn_wu_jian_contemplation, minitemple, temple_green
D:7:      layout_loops_corners, kennysheep_ying_yang
D:8:      layout_layer_cave, mainiacjoe_overflow_alcove_1, corexii_checkpoint_a
D:9:      layout_loops_ring, orc_0_dummy, eino_house_with_fridge, uniq_joseph
D:10:     minmay_statue_hallways, layout_basic, erik_lair_orcish_takeover,
          serial_shops, shop, nicolae_square_shop, nicolae_shop_crystal
D:11:     layout_roguey [special_room_kobold], bh_hangedman_babel_library
D:12:     layout_loops_ring
D:13:     layout_irregular_city, serial_shops, shop_coins, uniq_kirke
D:14:     layout_long_grid, erik_vaults_1, chequers_serial_rivers_micro_e,
          ebering_ghost_reflecting_pool, minmay_guarded_unrand_vampires_tooth
Temple:   regret_index_temple_generic_petals
Lair:1:   layout_cave_pods, kennysheep_rathole, grunt_megastairs_1
Lair:2:   layout_gridlike, infiniplex_staircase_pool_2, grunt_megastairs_4,
          uniq_gastronok
Orc:1:    layout_diamond_mine, basic_altar, nicolae_volcano_entry_vermiform,
          serial_shops, shop
Orc:2:    st_orc_rangers, layout_caves

Skill      XL: |  1  2  3  4  5  6  7  8  9 10 11 12 13 |
---------------+----------------------------------------+-----
Conjurations   | 2 3 4 5 6 7 |  7.1
Spellcasting   | 5 6 7 8 9 |  9.5
Fighting       | 1 2 3 4 5 6 7 8 |  8.0
Short Blades   | 1 2 3 4 5 6 7 8 |  8.0
Long Blades    | 1 2 3 4 5 6 7 8 |  8.0
Axes           | 1 2 3 4 5 6 7 8 |  8.0
Maces & Flails | 1 2 3 4 5 6 7 8 |  8.0
Polearms       | 1 2 3 4 5 6 7 8 |  8.0
Staves         | 1 2 3 4 5 6 7 8 |  8.0
Slings         | 1 2 3 4 5 6 7 8 |  8.0
Bows           | 1 2 3 4 5 6 7 8 |  8.0
Crossbows      | 1 2 3 4 5 6 7 8 |  8.0
Throwing       | 1 2 3 4 5 6 7 8 |  8.0
Armour         | 1 2 3 4 5 6 7 8 |  8.0
Shields        | 1 2 3 4 5 6 7 8 |  8.0
Unarmed Combat | 1 2 3 4 5 6 7 8 |  8.0
Invocations    | 1 2 3 4 5 6 7 8 |  8.8
Evocations     | 1 2 3 4 5 6 7 8 |  8.0
Hexes          | 1 2 3 4 5 6 |  6.7
Summonings     | 1 2 3 4 5 6 |  6.7
Necromancy     | 1 2 3 4 5 6 |  6.7
Translocations | 1 2 3 4 5 6 |  6.7
Transmutations | 1 2 3 4 5 6 |  6.7
Fire Magic     | 1 2 3 4 5 6 |  6.7
Ice Magic      | 1 2 3 4 5 6 |  6.7
Earth Magic    | 1 2 3 4 5 6 |  6.7
Poison Magic   | 1 2 3 4 5 6 |  6.7
Dodging        | 5 6 7 8 9 |  9.3
Stealth        | 5 6 7 8 9 |  9.1
Air Magic      | 6 7 8 |  8.7

Action                   |  1- 3 |  4- 6 |  7- 9 | 10-12 | 13-15 || total
-------------------------+-------+-------+-------+-------+-------++-------
Melee: Battleaxe         |       |       |     8 |   186 |    28 ||   222
       Hand axe          |       |       |     5 |       |       ||     5
       Bite              |       |       |       |    30 |     1 ||    31
 Cast: Shock             |    65 |   120 |   121 |   178 |    24 ||   508
       Airstrike         |       |     9 |    82 |   233 |    50 ||   374
       Static Discharge  |       |       |     3 |     5 |     6 ||    14
       Stone Arrow       |       |       |     2 |     4 |     1 ||     7
       Summon Guardian G |       |       |     1 |    35 |    12 ||    48
       Summon Lightning  |       |       |       |    42 |    11 ||    53
       Swiftness         |       |       |       |     2 |       ||     2
       Tukima's Dance    |       |       |       |     5 |       ||     5
       Lightning Bolt    |       |       |       |     1 |       ||     1
Invok: Lesser Servant of |       |       |       |     5 |     2 ||     7
       Minor Destruction |       |       |       |     2 |     1 ||     3
  Use: Scroll            |       |       |     4 |    10 |     2 ||    16
       Potion            |       |       |       |       |     1 ||     1
 Stab: Distracted        |       |       |       |     2 |       ||     2
Armor: Robe              |       |     9 |     9 |    71 |     8 ||    97
Dodge: Dodged            |     8 |    14 |    52 |   388 |   143 ||   605
